[Event "Titled Tuesday Blitz May 16 Early 2023"]
[White "Papasimakopoulos, Alexandros"]
[Black "Petrosyan, Manuel"]
[WhiteFideId "4244125"]
[BlackFideId "13300857"]
[WhiteElo "2359"]
[BlackElo "2576"]
[Result "1-0"]
[Round "09"]
[TimeControl "180+2"]
[Date "2023.05.16"]
[WhiteClock "0:00:29"]
[BlackClock "0:00:00"]

1. d4 Nf6 2. c4 e6 3. Nc3 Bb4 4. Qc2 d5 5. cxd5 Qxd5 6. Nf3 Qf5 7. Qxf5 exf5 8. a3 Bd6 9. Nb5 Be6 10. Nxd6+ cxd6 11. Bf4 Kd7 12. e3 Nc6 13. Bd3 g6 14. h3 Rac8 15. Nd2 a6 16. O-O Na5 17. Bg5 Nd5 18. Rfc1 Nb6 19. Kf1 Nbc4 20. Nxc4 Bxc4 21. Bxc4 Nxc4 22. b4 b5 23. Ke2 Nb6 24. f3 Rxc1 25. Rxc1 Rc8 26. Rxc8 Kxc8 27. e4 fxe4 28. fxe4 d5 29. exd5 Kd7 30. Kd3 Nxd5 31. Ke4 Ke6 32. Bd2 Nb6 33. Bc1 h5 34. Bd2 f6 35. h4 Nd5 36. g3 Nb6 37. Bc1 Nc4 38. d5+ Ke7 39. Kd4 Nd6 40. Kc5 Ne4+ 41. Kc6 Nxg3 42. d6+ 1-0


[Site "https://www.chess.com"]

[Event "Titled Tuesday Blitz May 16 Early 2023"]
[White "Mekhitarian, Krikor Sevag"]
[Black "Alex_Sahakyan2006"]
[WhiteFideId "2107660"]
[WhiteElo "2604"]
[BlackElo "2672"]
[Result "0-1"]
[Round "09"]
[TimeControl "180+2"]
[Date "2023.05.16"]
[WhiteClock "0:00:00"]
[BlackClock "0:00:05"]

1. Nf3 d5 2. c4 d4 3. b4 g5 4. h3 Bg7 5. d3 h6 6. g3 e5 7. Bg2 Ne7 8. O-O O-O 9. a4 a5 10. b5 c5 11. Ba3 Nd7 12. Nbd2 f5 13. Nh2 Rb8 14. e3 dxe3 15. fxe3 b6 16. Qe2 Bb7 17. Bxb7 Rxb7 18. e4 f4 19. g4 Rf6 20. Nhf3 Rd6 21. Bb2 Ng6 22. Nb1 Ndf8 23. Nc3 Rxd3 24. Nd5 Rb3 25. Qc2 Rxf3 26. Rxf3 Ne6 27. Re1 Rf7 28. Qd1 Nd4 29. Bxd4 exd4 30. e5 Nxe5 31. Rxe5 Bxe5 32. Qd3 Kg7 33. Rf1 Qd6 34. Qe4 d3 35. Qxd3 Bd4+ 36. Kg2 Qe6 37. Kf3 Rf8 38. Qe4 Qxe4+ 39. Kxe4 Re8+ 40. Kf3 Re6 41. Rd1 Kg6 42. Rd2 Re1 43. Kg2 h5 44. gxh5+ Kxh5 45. Nxb6 g4 46. hxg4+ Kxg4 47. Rd3 Rg1+ 48. Kh2 Rc1 49. Nd5 f3 50. Rd2 Be5+ 0-1


[Site "https://www.chess.com"]

[Event "Titled Tuesday Blitz May 16 Early 2023"]
[White "MKlose11"]
[Black "Bacrot, Etienne"]
[BlackFideId "605506"]
[WhiteElo "2679"]
[BlackElo "2672"]
[Result "0-1"]
[Round "09"]
[TimeControl "180+2"]
[Date "2023.05.16"]
[WhiteClock "0:00:12"]
[BlackClock "0:00:58"]

1. e4 c5 2. Nc3 Nc6 3. g3 g6 4. d3 Bg7 5. Bg2 d6 6. f4 f5 7. Nf3 Nf6 8. O-O O-O 9. Be3 Ng4 10. Bd2 Qb6 11. Na4 Qa6 12. Nc3 c4 13. Qe2 cxd3 14. cxd3 fxe4 15. dxe4 Qxe2 16. Nxe2 Bxb2 17. Rab1 Ba3 18. Rfd1 Bc5+ 19. Kf1 b6 20. Rdc1 Ba6 21. Ke1 Rac8 22. h3 Nf2 23. Rxc5 Nd3+ 24. Kd1 dxc5 25. Ng5 Rfd8 26. Ne6 Rd6 27. e5 Rxe6 28. Bd5 Kf7 29. g4 Rd8 30. Bxe6+ Kxe6 31. Ng3 Nxf4 0-1


[Site "https://www.chess.com"]

[Event "Titled Tuesday Blitz May 16 Early 2023"]
[White "Borgaonkar Akshay"]
[Black "Bharath Subramaniyam H"]
[WhiteFideId "25639110"]
[BlackFideId "46634827"]
[WhiteElo "2063"]
[BlackElo "2400"]
[Result "0-1"]
[Round "09"]
[TimeControl "180+2"]
[Date "2023.05.16"]
[WhiteClock "0:00:14"]
[BlackClock "0:00:32"]

1. d4 Nf6 2. Nc3 e6 3. e4 d5 4. Bg5 dxe4 5. Nxe4 Be7 6. Bxf6 gxf6 7. Nf3 b6 8. c3 Bb7 9. Bd3 Nd7 10. Qe2 f5 11. Ned2 a6 12. O-O-O c5 13. dxc5 Nxc5 14. Bc2 Qc7 15. Rhe1 O-O-O 16. Ne5 Bg5 17. g3 f6 18. Nc4 Rhe8 19. f4 Bh6 20. b4 Nd7 21. Nb3 Kb8 22. Kb2 Rc8 23. Kb1 Bf8 24. Rxd7 Qxd7 25. Nxb6 Qc7 26. Nxc8 Rxc8 27. Qe3 Bd5 28. Kb2 Bxb4 29. cxb4 Qxc2+ 30. Ka3 Rc3 31. Qb6+ Kc8 32. Qxa6+ Kd7 33. Re3 Rc8 34. Qa7+ Ke8 35. Qa4+ Kf8 36. Na5 Qxa2# 0-1


[Site "https://www.chess.com"]

[Event "Titled Tuesday Blitz May 16 Early 2023"]
[White "Vlassov, Nikolai"]
[Black "Salinas Herrera, Pablo"]
[WhiteFideId "4103360"]
[BlackFideId "3407128"]
[WhiteElo "2324"]
[BlackElo "2546"]
[Result "0-1"]
[Round "09"]
[TimeControl "180+2"]
[Date "2023.05.16"]
[WhiteClock "0:00:00"]
[BlackClock "0:00:18"]

1. e4 c5 2. c3 d6 3. d4 Nf6 4. Bd3 Qc7 5. f4 Bg4 6. Nf3 Nbd7 7. e5 Nd5 8. O-O e6 9. Qe1 Be7 10. exd6 Qxd6 11. Ne5 Bf5 12. Bb5 Nf6 13. g4 Bxb1 14. g5 a6 15. gxf6 axb5 16. fxe7 Bg6 17. Nxd7 Qxd7 18. dxc5 Qxe7 19. Be3 O-O 20. Bd4 Rfd8 21. b4 Rd5 22. Qe2 Qd7 23. Rf2 Bh5 24. Qe3 Bg6 25. Re1 Ra3 26. Qc1 Ra6 27. Re5 Rxe5 28. Bxe5 f6 29. Rd2 Qc8 30. Bd4 Qc6 31. Qe1 Bf5 32. Qe3 Ra3 33. Kf2 Qh1 34. Qf3 Qxh2+ 35. Ke3 Qg1+ 36. Ke2 Qh2+ 37. Ke3 Qg1+ 38. Ke2 Qb1 39. Qxb7 h5 40. Qxb5 Qe4+ 41. Be3 Bg4+ 42. Kf1 Qh1+ 43. Kf2 Qf3+ 44. Kg1 Qxe3+ 45. Rf2 Qg3+ 46. Rg2 Qe1+ 47. Kh2 Qh4+ 48. Kg1 Rxc3 49. Qf1 Re3 50. Qf2 Re1+ 0-1


[Site "https://www.chess.com"]

[Event "Titled Tuesday Blitz May 16 Early 2023"]
[White "vlajkovicS"]
[Black "Pakleza, Zbigniew"]
[BlackFideId "1119290"]
[WhiteElo "2641"]
[BlackElo "2410"]
[Result "0-1"]
[Round "09"]
[TimeControl "180+2"]
[Date "2023.05.16"]
[WhiteClock "0:00:08"]
[BlackClock "0:00:16"]

1. Nf3 d5 2. b3 Nf6 3. Bb2 Bf5 4. g3 e6 5. Bg2 Be7 6. O-O h6 7. d3 O-O 8. Nbd2 c6 9. Qe1 Bh7 10. e4 a5 11. e5 Nfd7 12. a4 Na6 13. Qe2 Nb4 14. Rac1 b5 15. axb5 cxb5 16. Nd4 Qb6 17. Kh1 Rfc8 18. f4 a4 19. f5 Bc5 20. fxe6 fxe6 21. Qg4 Nxe5 22. Qxe6+ Qxe6 23. Nxe6 Bd6 24. Nf3 Ng4 25. Nfd4 a3 26. Ba1 Ne3 27. Nxb5 Nxf1 28. Nxd6 Ne3 29. Nxc8 Rxc8 30. Nd4 Nxd3 31. Rg1 Nf2# 0-1


[Site "https://www.chess.com"]

[Event "Titled Tuesday Blitz May 16 Early 2023"]
[White "Zherebukh, Yaroslav"]
[Black "Asavasaetakul, Chawit"]
[WhiteFideId "14116804"]
[BlackFideId "6204856"]
[WhiteElo "2531"]
[BlackElo "1919"]
[Result "1-0"]
[Round "09"]
[TimeControl "180+2"]
[Date "2023.05.16"]
[WhiteClock "0:00:03"]
[BlackClock "0:00:05"]

1. d4 d5 2. c4 c6 3. Nc3 Nf6 4. Nf3 dxc4 5. e4 b5 6. Be2 e6 7. O-O Be7 8. Qc2 O-O 9. b3 cxb3 10. axb3 Bb7 11. e5 Nd5 12. Ne4 h6 13. h4 Nd7 14. h5 a6 15. Ba3 Rc8 16. Bxe7 Qxe7 17. Nd6 Rc7 18. Qe4 c5 19. Nxb7 Rxb7 20. Rxa6 cxd4 21. Qxd4 Nc5 22. Rd6 Nxb3 23. Qg4 Nc5 24. Rc1 Nd7 25. Rdc6 b4 26. Bd3 b3 27. Qe4 f5 28. exf6 N7xf6 29. Qe5 Nb4 30. Rxe6 b2 31. Rb1 Qc7 32. Bg6 Qc1+ 33. Qe1 Qxe1+ 34. Rexe1 Na2 35. Re2 Rfb8 36. Rc2 Rb3 37. Nd4 R3b6 38. Nc6 R8b7 39. Na5 Rb8 40. Nc4 Rb4 41. Rcxb2 Rxb2 42. Rxb2 Rxb2 43. Nxb2 Nc3 44. Nd3 Ne2+ 45. Kf1 Nd4 46. Nf4 Kf8 47. f3 Ke7 48. Kf2 Kd6 49. g4 Ke5 50. Nd3+ Kd6 51. Nf4 Ke5 52. Kg3 Ne6 53. Nd3+ Kd6 54. Bf5 Nd4 55. Bg6 Ne6 56. Kf2 Nc5 57. Nf4 Ke5 58. Ne2 Ne6 59. Kg3 Nd5 60. Bf7 Nef4 61. Nc1 Nf6 62. Nb3 Ne2+ 63. Kf2 Nf4 64. Nd2 Nd3+ 65. Ke3 Nc5 66. Nc4# 1-0


[Site "https://www.chess.com"]

[Event "Titled Tuesday Blitz May 16 Early 2023"]
[White "Averjanov, Alexey"]
[Black "Tasev, Dejan"]
[WhiteFideId "14109867"]
[BlackFideId "936618"]
[WhiteElo "2806"]
[BlackElo "2244"]
[Result "1-0"]
[Round "09"]
[TimeControl "180+2"]
[Date "2023.05.16"]
[WhiteClock "0:00:38"]
[BlackClock "0:00:04"]

1. d4 Nf6 2. c4 g6 3. Nc3 Bg7 4. e4 d6 5. Be2 O-O 6. Nf3 e5 7. O-O Nc6 8. d5 Ne7 9. Ne1 Ne8 10. Be3 f5 11. f3 f4 12. Bf2 g5 13. c5 Ng6 14. a4 Rf7 15. a5 Bf8 16. cxd6 cxd6 17. Nb5 a6 18. Na3 h5 19. Nc4 Nf6 20. Nb6 Rb8 21. Rc1 g4 22. Nxc8 Rxc8 23. Bb6 Qe8 24. Rxc8 Qxc8 25. Qc2 Qd7 26. Nd3 Rg7 27. Rc1 gxf3 28. Bxf3 Nh4 29. Ne1 Nxf3+ 30. Nxf3 Qg4 31. Kh1 Nxe4 32. Nxe5 Qf5 33. Nf3 Qxd5 34. Rd1 Qf5 35. Qc4+ Kh8 36. Bd4 Kh7 37. Bxg7 Nf2+ 38. Kg1 Nxd1 39. Bxf8 Qxf8 40. Qd3+ Kh6 41. Qxd1 1-0


[Site "https://www.chess.com"]

[Event "Titled Tuesday Blitz May 16 Early 2023"]
[White "Hambleton, Aman"]
[Black "Hossain, Enamul"]
[WhiteFideId "2606577"]
[BlackFideId "10200649"]
[WhiteElo "2511"]
[BlackElo "2433"]
[Result "0-1"]
[Round "09"]
[TimeControl "180+2"]
[Date "2023.05.16"]
[WhiteClock "0:00:02"]
[BlackClock "0:00:20"]

1. d4 Nf6 2. Bf4 g6 3. Nc3 d5 4. e3 Bg7 5. h4 h5 6. Nf3 O-O 7. Ne5 c5 8. Qd2 cxd4 9. exd4 Nc6 10. O-O-O Bf5 11. f3 Rc8 12. Nxc6 Rxc6 13. Be5 Qa5 14. Bd3 Bxd3 15. Qxd3 Rfc8 16. Kb1 Bh6 17. Bxf6 Rxc3 18. bxc3 Rxc3 19. Qe2 exf6 20. Rd3 Qb5+ 21. Ka1 Bf8 22. Rb1 Qc4 23. Rb2 Ba3 24. Rb1 Rxc2 25. Qe8+ Kg7 26. Qe3 Qxa2# 0-1


[Site "https://www.chess.com"]

[Event "Titled Tuesday Blitz May 16 Early 2023"]
[White "Bondau"]
[Black "Jovic, Stanoje"]
[BlackFideId "905020"]
[WhiteElo "2784"]
[BlackElo "2236"]
[Result "1-0"]
[Round "09"]
[TimeControl "180+2"]
[Date "2023.05.16"]
[WhiteClock "0:00:03"]
[BlackClock "0:00:00"]

1. e4 c6 2. d4 d5 3. Nc3 dxe4 4. Nxe4 Nf6 5. Nxf6+ exf6 6. c3 Bd6 7. Bd3 O-O 8. Ne2 Qc7 9. Qc2 h6 10. Be3 Re8 11. O-O-O c5 12. dxc5 Bxc5 13. Nd4 Nc6 14. Kb1 Bxd4 15. cxd4 Qa5 16. a3 Be6 17. Qc5 Bd5 18. Rhg1 Rac8 19. Qxa5 Nxa5 20. Rc1 a6 21. Rc5 Rxc5 22. dxc5 Nc4 23. Bxc4 Bxc4 24. Rd1 Bb5 25. b4 Bc6 26. g3 g5 27. Kb2 Kg7 28. Rd4 Kg6 29. Kc3 f5 30. h3 h5 31. h4 f4 32. gxf4 gxh4 33. f5+ Kxf5 34. Rxh4 Kg6 35. Kd2 Bf3 36. Rf4 Bg4 37. f3 Bf5 38. Ke2 Rd8 39. Rd4 Rxd4 40. Bxd4 h4 41. Be5 Bd7 42. Ke3 Kf5 43. Bh2 Ke6 44. Kd4 Bc6 45. Ke3 Kd5 46. Kd3 Bb5+ 47. Kc3 Be2 48. a4 Bxf3 49. Kd3 Bd1 50. a5 Ba4 51. Ke3 Kc4 52. Bc7 Kxb4 53. Bb6 Kc4 54. Kf3 Bd7 55. Kf4 f5 56. Kf3 Kd3 57. Bc7 Kd4 58. Bb6 Kd5 59. Kf4 1-0


[Site "https://www.chess.com"]

[Event "Titled Tuesday Blitz May 16 Early 2023"]
[White "Kubicka, Anna"]
[Black "Ter-Sahakyan, Samvel"]
[WhiteFideId "1152254"]
[BlackFideId "13302531"]
[WhiteElo "2144"]
[BlackElo "2545"]
[Result "0-1"]
[Round "09"]
[TimeControl "180+2"]
[Date "2023.05.16"]
[WhiteClock "0:00:00"]
[BlackClock "0:01:42"]

1. e4 c5 2. Ne2 Nc6 3. g3 d5 4. Bg2 dxe4 5. Nec3 Nf6 6. Nxe4 Nxe4 7. Bxe4 g6 8. O-O Bg7 9. Nc3 Bh3 10. Bg2 Bxg2 11. Kxg2 h5 12. h3 Nd4 13. d3 Qd7 14. Be3 Qc6+ 15. f3 Rc8 16. Ne4 O-O 17. c3 Ne6 18. Qe2 Rfd8 19. Rad1 b5 20. Kh2 a5 21. f4 Rd5 22. Nd2 Rcd8 23. Nf3 b4 24. c4 R5d6 25. Ne5 Bxe5 26. fxe5 R6d7 27. Bg1 Nd4 28. Qf2 Qe6 29. Rde1 Nf5 30. Qxc5 Rxd3 31. Re2 Nxg3 32. Ref2 Nxf1+ 0-1


[Site "https://www.chess.com"]

[Event "Titled Tuesday Blitz May 16 Early 2023"]
[White "Pap, Gyula"]
[Black "Iskusnyh, Sergei"]
[WhiteFideId "725323"]
[BlackFideId "4120027"]
[WhiteElo "2519"]
[BlackElo "2492"]
[Result "1-0"]
[Round "09"]
[TimeControl "180+2"]
[Date "2023.05.16"]
[WhiteClock "0:00:52"]
[BlackClock "0:00:00"]

1. Nf3 d5 2. b3 Bf5 3. Bb2 e6 4. d3 h6 5. Nbd2 Nf6 6. g3 Be7 7. Bg2 O-O 8. O-O a5 9. e4 Bh7 10. Qe2 a4 11. Kh1 c6 12. Nh4 Na6 13. f4 a3 14. Be5 Nc5 15. f5 exf5 16. exf5 Re8 17. Bd4 Bd6 18. Qf3 Ncd7 19. Rae1 Qa5 20. c3 c5 21. b4 cxb4 22. Nb3 Qa4 23. c4 dxc4 24. dxc4 Ne5 25. Qxb7 Rad8 26. Bxe5 Bxe5 27. Bc6 1-0


[Site "https://www.chess.com"]

[Event "Titled Tuesday Blitz May 16 Early 2023"]
[White "Makaraci, Tunahan"]
[Black "Drozdowski, Kacper"]
[WhiteFideId "6356559"]
[BlackFideId "1136720"]
[WhiteElo "2160"]
[BlackElo "2497"]
[Result "0-1"]
[Round "09"]
[TimeControl "180+2"]
[Date "2023.05.16"]
[WhiteClock "0:00:00"]
[BlackClock "0:00:10"]

1. e4 c5 2. Nf3 e6 3. c3 d5 4. exd5 Qxd5 5. d4 Nf6 6. a3 Be7 7. Be3 cxd4 8. cxd4 O-O 9. Nc3 Qd6 10. Bd3 b6 11. O-O Bb7 12. Qe2 Nbd7 13. Rad1 Rac8 14. Rfe1 Rfe8 15. Bb1 Qb8 16. Ng5 Nf8 17. Nge4 Nxe4 18. Nxe4 Ng6 19. Qh5 Red8 20. h4 Rd5 21. Ng5 Bxg5 22. hxg5 Rb5 23. b4 Qd6 24. Bd3 Rd5 25. Be4 Qd7 26. Bxd5 Qxd5 27. f3 Qb3 28. Qg4 Bd5 29. Bf2 Qxa3 30. f4 Ne7 31. Qe2 Qxb4 32. Rc1 Ra8 33. Rc7 Qd6 34. Qe5 Qxe5 35. dxe5 Kf8 36. Ra1 Ke8 37. Raxa7 Rxa7 38. Rxa7 b5 39. Bc5 Nf5 40. Kf2 h5 41. Ra6 h4 42. Rb6 Bc4 43. Rb7 g6 44. Bb4 Bd3 45. Bc5 Bc4 46. Bb4 Bd3 47. Ra7 Bc4 48. Kf3 Bd5+ 49. Kf2 Bc4 50. Ra8+ Kd7 51. Rf8 Kc6 52. Rxf7 Kd5 53. Rf6 Ke4 54. Bd2 Ne7 55. Rf7 Nd5 56. Rg7 Kf5 57. Rf7+ Kg4 58. Rg7 Bd3 59. Rd7 Bf5 60. Rg7 b4 61. Rb7 Bd3 62. Bxb4 Kxf4 63. Rb8 Kxe5 64. Bd2 Bf5 65. Bc1 Ke4 66. Bd2 Kd3 67. Bc1 e5 68. Bb2 e4 69. Rd8 Kc4 70. Re8 Kd3 71. Rd8 e3+ 72. Ke1 Be4 73. Be5 Bxg2 74. Bh2 h3 75. Bg3 Ke4 76. Bh2 Nb4 77. Ke2 Bf3+ 78. Kf1 e2+ 79. Kf2 Nd3+ 80. Rxd3 Kxd3 81. Ke1 Bg4 82. Bg3 Ke3 83. Bh2 Kf3 84. Bg1 Kg2 0-1


[Site "https://www.chess.com"]

[Event "Titled Tuesday Blitz May 16 Early 2023"]
[White "Ibadov, Dashgyn"]
[Black "Visakh N R"]
[WhiteFideId "24107514"]
[BlackFideId "25012223"]
[WhiteElo "2208"]
[BlackElo "2466"]
[Result "1-0"]
[Round "09"]
[TimeControl "180+2"]
[Date "2023.05.16"]
[WhiteClock "0:00:53"]
[BlackClock "0:00:26"]

1. e4 c6 2. d4 g6 3. Nc3 Bg7 4. f4 d5 5. e5 h5 6. Nf3 Nh6 7. Be3 Bg4 8. h3 Nf5 9. Bf2 Bxf3 10. Qxf3 h4 11. Bd3 e6 12. O-O Nd7 13. Ne2 Bf8 14. b3 c5 15. c4 dxc4 16. Bxf5 gxf5 17. bxc4 cxd4 18. Nxd4 Bc5 19. Rad1 Qc8 20. Nb5 a6 21. Nd6+ Bxd6 22. Rxd6 Nf8 23. Rfd1 Ng6 24. c5 O-O 25. Qh5 Qc7 26. Bxh4 Qxc5+ 27. Kh1 Qe3 28. Rxe6 Nxh4 29. Qxh4 fxe6 30. Qg5+ Kh8 31. Rd7 1-0


[Site "https://www.chess.com"]

[Event "Titled Tuesday Blitz May 16 Early 2023"]
[White "Herrera Ortiz, Miguel"]
[Black "Boyer, Mahel"]
[WhiteFideId "5100550"]
[BlackFideId "45102422"]
[WhiteElo "2623"]
[BlackElo "2439"]
[Result "0-1"]
[Round "09"]
[TimeControl "180+2"]
[Date "2023.05.16"]
[WhiteClock "0:00:35"]
[BlackClock "0:00:11"]

1. e4 Nc6 2. Nf3 d5 3. exd5 Qxd5 4. Nc3 Qh5 5. h3 Nf6 6. Be2 Bg4 7. d3 O-O-O 8. Be3 e5 9. Nd2 Bxe2 10. Qxe2 Qg6 11. O-O Nh5 12. Qg4+ f5 13. Qxg6 hxg6 14. Nb3 Be7 15. Rad1 Bf6 16. Rfe1 b6 17. Ne2 g5 18. Bc1 Nf4 19. Nxf4 gxf4 20. f3 Bh4 21. Re2 Bg3 22. Bd2 g5 23. Bc3 g4 24. fxg4 fxg4 25. d4 gxh3 26. d5 hxg2 27. Kxg2 Ne7 28. Bxe5 Rh2+ 29. Kf3 Rxe2 30. Kxe2 Rxd5 31. Rxd5 Nxd5 32. c4 Nb4 33. a3 Nc6 34. Bc3 a5 35. Kf3 Kd7 36. Nc1 Ke6 37. Ne2 Ne5+ 38. Ke4 Nxc4 39. Nxf4+ Bxf4 40. Kxf4 Kd5 41. Kf3 b5 42. Bh8 a4 43. Bg7 c6 44. Bf6 c5 45. Bg7 Nd6 46. Ke2 Kc4 47. Kd2 Kb3 48. Kc1 Ne4 49. Bf8 c4 50. Bg7 Nf2 51. Kb1 Nd3 52. Bf6 Nc5 53. Ka1 Ne4 54. Be5 c3 55. Kb1 Nd2+ 56. Kc1 Ne4 57. Kb1 Nd2+ 58. Kc1 cxb2+ 59. Bxb2 Nc4 60. Bf6 Nxa3 61. Be7 Nc4 62. Kb1 Ne3 63. Ka1 Nc2+ 64. Kb1 a3 65. Bf6 a2+ 66. Kc1 a1=Q+ 67. Bxa1 Nxa1 0-1


[Site "https://www.chess.com"]

[Event "Titled Tuesday Blitz May 16 Early 2023"]
[White "koncheto"]
[Black "Fernandez Guillen, Ernesto J."]
[BlackFideId "3512428"]
[WhiteElo "2583"]
[BlackElo "2429"]
[Result "0-1"]
[Round "09"]
[TimeControl "180+2"]
[Date "2023.05.16"]
[WhiteClock "0:00:00"]
[BlackClock "0:00:19"]

1. e4 e5 2. Nf3 Nc6 3. Bc4 g6 4. O-O Bg7 5. c3 d6 6. Re1 Nge7 7. d3 O-O 8. Nbd2 h6 9. Nf1 Kh7 10. Ng3 f5 11. exf5 Nxf5 12. Bd5 Nce7 13. Nxf5 Nxf5 14. Bb3 Nh4 15. Nxh4 Qxh4 16. g3 Qf6 17. Be3 c6 18. f4 Bh3 19. fxe5 Qxe5 20. Bd4 Qg5 21. Bxg7 Kxg7 22. Qe2 h5 23. Qe7+ Kh6 24. Qxg5+ Kxg5 25. Be6 Bf5 26. Re3 Rf6 27. Rae1 Raf8 28. R1e2 h4 29. Bxf5 Rxf5 30. Kg2 Rh8 31. h3 hxg3 32. Rxg3+ Kf6 33. Rge3 Rd8 34. Re6+ Kg5 35. R2e4 Kh5 36. Kg3 Rdf8 37. Rh4+ Kg5 38. Rg4+ Kh5 39. Rh4+ Kg5 40. Rg4+ Kh6 41. Rexg6+ Kh5 42. Re6 Rf3+ 43. Kg2 Rf2+ 44. Kg1 Rxb2 45. Rxd6 Re8 46. Rf6 Re1+ 47. Rf1 Rxf1+ 48. Kxf1 Rxa2 49. Rg7 b6 50. Rc7 c5 51. d4 cxd4 52. cxd4 Kg5 53. Ke1 Kf5 54. Re7 Kf6 55. Re5 Ra4 56. Re4 Rc4 57. Kd2 a5 58. Kd3 Rc1 59. Re8 a4 60. Ra8 b5 61. Kd2 Rc4 62. Kd3 Rb4 63. Ra5 Rb3+ 64. Kc2 Kf5 65. h4 Ke4 66. h5 Kxd4 67. h6 Kc4 68. h7 Rh3 69. Ra7 Kb4 70. Rb7 a3 71. Kb1 Rh2 72. Ka1 Ka4 73. Kb1 b4 74. Ra7+ Kb3 75. Kc1 a2 76. Kd1 Rxh7 77. Rxh7 a1=Q+ 0-1


[Site "https://www.chess.com"]

[Event "Titled Tuesday Blitz May 16 Early 2023"]
[White "Tanenbaum, Zachary"]
[Black "Dixit, Nikhil"]
[WhiteFideId "2060850"]
[BlackFideId "5059534"]
[WhiteElo "2175"]
[BlackElo "2207"]
[Result "1-0"]
[Round "09"]
[TimeControl "180+2"]
[Date "2023.05.16"]
[WhiteClock "0:02:31"]
[BlackClock "0:01:47"]

1. e4 c5 2. Nf3 Nc6 3. Nc3 Nf6 4. Bb5 Nd4 5. e5 Nxb5 6. Nxb5 Nd5 7. Ng5 h6 8. Nxf7 Kxf7 9. Qf3+ Ke6 10. c4 Nc7 11. d4 d5 12. Nxc7+ Qxc7 13. Qxd5+ Kf5 14. Qf7+ Ke4 15. Qf3+ Kxd4 16. Qd5# 1-0


[Site "https://www.chess.com"]

[Event "Titled Tuesday Blitz May 16 Early 2023"]
[White "Badmatsyrenov, Oleg"]
[Black "Weishaeutel, Moritz"]
[WhiteFideId "24115762"]
[BlackFideId "12967300"]
[WhiteElo "2396"]
[BlackElo "2301"]
[Result "0-1"]
[Round "09"]
[TimeControl "180+2"]
[Date "2023.05.16"]
[WhiteClock "0:01:11"]
[BlackClock "0:00:27"]

1. e4 e5 2. Nc3 Nc6 3. f4 exf4 4. Nf3 Nf6 5. e5 Nh5 6. d4 d6 7. Bb5 dxe5 8. dxe5 Qxd1+ 9. Nxd1 Bd7 10. Bxc6 Bxc6 11. O-O O-O-O 12. Ng5 Rd7 13. Bxf4 Nxf4 14. Rxf4 h6 15. Nxf7 Bc5+ 16. Kh1 Rf8 17. e6 Rd2 18. Rg4 Bd5 19. Nc3 Bxe6 20. Ne5 Bxg4 21. Nxg4 Rxc2 22. h3 Bd4 23. Nd5 Bxb2 24. Rd1 Rc1 25. Rxc1 Bxc1 26. Kg1 Bf4 27. Ne7+ Kd7 28. Ng6 Rf5 29. h4 Bd6 30. g3 Bxg3 31. Kg2 Bd6 32. Ne3 Ra5 33. Kf3 Rxa2 34. Nf5 Ra3+ 35. Kg4 Ra4+ 36. Kh5 Ra5 37. Kg4 h5+ 38. Kg5 Rb5 39. Nh8 a5 40. Nf7 a4 41. Kg6 a3 42. Nxg7 a2 43. Kh7 a1=Q 44. Kg8 Ra5 45. Kh7 Qb1+ 46. Kg8 Ra8+ 47. Nd8 Rxd8+ 48. Ne8 Rxe8+ 49. Kf7 Qf5+ 0-1


[Site "https://www.chess.com"]

[Event "Titled Tuesday Blitz May 16 Early 2023"]
[White "carokannlover213"]
[Black "Moksh Amit Doshi"]
[BlackFideId "25064967"]
[WhiteElo "2703"]
[BlackElo "2297"]
[Result "0-1"]
[Round "09"]
[TimeControl "180+2"]
[Date "2023.05.16"]
[WhiteClock "0:00:00"]
[BlackClock "0:00:37"]

1. e4 c5 2. Nf3 d6 3. d4 cxd4 4. Nxd4 Nf6 5. Nc3 a6 6. Be3 e5 7. Nb3 Be6 8. h3 Be7 9. f4 exf4 10. Bxf4 O-O 11. Qe2 Nc6 12. O-O-O Qc7 13. g4 Ne5 14. Nd4 b5 15. g5 Nfd7 16. Nd5 Bxd5 17. exd5 Ng6 18. Be3 Rfe8 19. Qd2 Nb6 20. Nf5 Bf8 21. h4 Ne5 22. Qg2 Rac8 23. h5 Na4 24. Bd4 Nf3 25. Bf6 gxf6 26. gxf6+ Kh8 27. h6 Ng5 28. Bd3 Nxb2 29. Rd2 Qc3 30. Kb1 Na4 0-1


[Site "https://www.chess.com"]

[Event "Titled Tuesday Blitz May 16 Early 2023"]
[White "Lavrik, Dmitry"]
[Black "Bruedigam, Martin"]
[WhiteFideId "24113190"]
[BlackFideId "24608033"]
[WhiteElo "2345"]
[BlackElo "2331"]
[Result "1-0"]
[Round "09"]
[TimeControl "180+2"]
[Date "2023.05.16"]
[WhiteClock "0:00:22"]
[BlackClock "0:00:00"]

1. c4 Nf6 2. Nf3 e6 3. g3 a6 4. Bg2 b5 5. Nd4 c6 6. cxb5 axb5 7. Nxb5 d5 8. N5c3 e5 9. O-O h5 10. d4 exd4 11. Qxd4 h4 12. e4 Be6 13. exd5 cxd5 14. Bg5 hxg3 15. hxg3 Be7 16. Na3 Nc6 17. Qd2 Ng4 18. Bxe7 Nxe7 19. Rfe1 Kf8 20. Nab5 Ra6 21. Rad1 Bd7 22. Nxd5 Bxb5 23. Nxe7 Qxd2 24. Rxd2 g6 25. a3 Kg7 26. Nd5 Ra7 27. Nc3 Bd7 28. Re7 Nf6 29. Ne4 Ng8 30. Rexd7 1-0


[Site "https://www.chess.com"]

[Event "Titled Tuesday Blitz May 16 Early 2023"]
[White "Fiorito, Joaquin"]
[Black "Mirzoev, Azer"]
[WhiteFideId "180173"]
[BlackFideId "13400304"]
[WhiteElo "2157"]
[BlackElo "2525"]
[Result "1-0"]
[Round "09"]
[TimeControl "180+2"]
[Date "2023.05.16"]
[WhiteClock "0:00:17"]
[BlackClock "0:00:00"]

1. d4 d5 2. c4 c6 3. Nf3 Nf6 4. Nc3 a6 5. c5 Bf5 6. Bf4 Nbd7 7. e3 e6 8. h3 Ne4 9. Nxe4 Bxe4 10. Bd3 Bxd3 11. Qxd3 Be7 12. O-O O-O 13. b4 Re8 14. a4 Bf6 15. Bd6 e5 16. dxe5 Nxe5 17. Bxe5 Bxe5 18. Rab1 Bf6 19. b5 axb5 20. axb5 Qa5 21. Rfc1 Rac8 22. bxc6 bxc6 23. Rb6 g6 24. Qa6 Qxa6 25. Rxa6 Re4 26. Rb6 Kg7 27. Kf1 Ra4 28. Rc2 Rc7 29. Ke2 h5 30. Ne1 d4 31. e4 Ra3 32. Nd3 Re7 33. f3 Rc7 34. f4 Bh4 35. Rcb2 Rc3 36. R6b3 Re7 37. e5 Ra7 38. Rxc3 dxc3 39. Rc2 Ra3 40. Ke3 Bg3 41. Kf3 h4 42. Ke4 Ra4+ 43. Ke3 Ra3 44. Nb4 Ra4 45. Nxc6 Rxf4 46. Rxc3 Rf2 47. Nd4 Rxg2 48. c6 Bxe5 49. Ke4 Bxd4 50. Kxd4 Rd2+ 51. Kc5 Rd8 52. c7 Rc8 53. Kc6 f6 54. Kd7 Rf8 55. c8=Q Rxc8 56. Rxc8 f5 57. Ke6 Kh6 58. Kf6 Kh7 59. Rc7+ 1-0


[Site "https://www.chess.com"]

[Event "Titled Tuesday Blitz May 16 Early 2023"]
[White "Nitish Belurkar"]
[Black "Melikyan, Gnel"]
[WhiteFideId "5084768"]
[BlackFideId "54109990"]
[WhiteElo "2352"]
[BlackElo "2138"]
[Result "1-0"]
[Round "09"]
[TimeControl "180+2"]
[Date "2023.05.16"]
[WhiteClock "0:02:57"]
[BlackClock "0:00:00"]

1. d4 Nf6 2. Nf3 c5 3. e3 cxd4 4. exd4 g6 5. Bd3 Bg7 6. O-O Nc6 7. Bg5 Bh6 8. Bxh6 d6 9. Re1 e6 10. c4 Ne7 11. Bg7 1-0


[Site "https://www.chess.com"]

[Event "Titled Tuesday Blitz May 16 Early 2023"]
[White "Omelja, Artem"]
[Black "Domingo Nunez, Ruben"]
[WhiteFideId "14119846"]
[BlackFideId "22245570"]
[WhiteElo "2404"]
[BlackElo "2404"]
[Result "0-1"]
[Round "09"]
[TimeControl "180+2"]
[Date "2023.05.16"]
[WhiteClock "0:00:02"]
[BlackClock "0:01:31"]

1. e4 g6 2. d4 Bg7 3. Nc3 c6 4. Nf3 d5 5. Be2 dxe4 6. Nxe4 Nf6 7. Nxf6+ exf6 8. O-O O-O 9. c3 a5 10. a4 Na6 11. Bf4 Nc7 12. Bg3 Nd5 13. Bc4 Re8 14. Qd2 Be6 15. Rfe1 Qd7 16. h3 Bf8 17. Re2 Nb6 18. Bxe6 Rxe6 19. Rxe6 Qxe6 20. Re1 Qb3 21. Qf4 Nd5 22. Qh4 Qxa4 23. Nd2 Qc2 24. Ne4 f5 25. Nf6+ Nxf6 26. Qxf6 Bg7 27. Qe7 Qxb2 28. Re3 a4 29. Bc7 a3 30. Bd8 a2 31. Qe8+ Bf8 32. Re7 Qc1+ 33. Kh2 Qf4+ 0-1


[Site "https://www.chess.com"]